 Dungeon Crawl Stone Soup version 0.30-a0-50-gb2d611f6b1 (webtiles) character file.

Game seed: 16327087418590121718

4945 timneilson the Blocker (level 10, -16/61 HPs)
             Began as a Gargoyle Fighter on Sept 3, 2022.
             Demolished by an orc warlord
             ... wielding a +6 battleaxe
              (22 damage)
             ... in a bailey.
             The game lasted 00:19:05 (7981 turns).

timneilson the Blocker (Gargoyle Fighter)           Turns: 7981, Time: 00:19:06

Health: -16/61     AC: 30    Str: 30    XL:     10   Next: 52%
Magic:  10/10      EV: 10    Int:  8    God:
Gold:   211        SH:  8    Dex: 15    Spells: 9/9 levels left

rFire   + + .      SeeInvis .    n - +10 falchion of Pixetups {protect, *Noise rF+ rCorr Str+5}
rCold   + . .      Faith    .    v - +2 buckler
rNeg    + . .      Spirit   .    h - +0 chain mail
rPois   ∞          Reflect  .    (no helmet)
rElec   +          Harm     .    g - scarf {rC+ rF+}
rCorr   +          Rampage  .    (no gloves)
Will    .....                    u - +0 pair of boots
Stlth   ..........               p - amulet of regeneration
HPRegen 1.00/turn                j - +6 ring of dexterity
MPRegen 0.12/turn                m - +4 ring of protection

@: mighty, under a protective aura
A: sickness immunity, AC +7, negative energy resistance 1, electricity
resistance, torment resistance 1, petrification resistance
a: no special abilities


You were in a bailey.
You visited 2 branches of the dungeon, and saw 9 of its levels.
You also visited: Ossuary and Bailey.

You collected 703 gold pieces.
You spent 492 gold pieces at shops.

Inventory:

Hand Weapons
 a - a +0 long sword
 n - the +10 falchion of Pixetups (weapon) {protect, *Noise rF+ rCorr Str+5}
   (You bought it in a shop on level 3 of the Dungeon)

   It grants its wielder temporary protection when it strikes (+7 to AC).
   Str:       It affects your strength (+5).
   rF:        It protects you from fire.
   *Noise:    It may make noises in combat.
   rCorr:     It protects you from acid and corrosion.
Missiles
 o - a throwing net (quivered)
Armour
 b - a +0 plate armour
 g - a scarf of resistance (worn)
 h - a +0 chain mail (worn)
 u - a +0 pair of boots (worn)
 v - a +2 buckler (worn)
 y - a +0 pair of gloves
Jewellery
 j - a +6 ring of dexterity (left hand)
 m - a +4 ring of protection (right hand)
 p - an amulet of regeneration (around neck)
Scrolls
 c - 2 scrolls of identify
 f - 2 scrolls of blinking
 r - 2 scrolls of enchant armour
 w - a scroll of amnesia
Potions
 e - a potion of cancellation
 i - a potion of heal wounds
 k - a potion of curing
 l - a potion of resistance
 q - 3 potions of lignification
 s - 3 potions of mutation
 t - 3 potions of brilliance


   Skills:
 + Level 6.7 Fighting
 * Level 7.2 Long Blades
 * Level 9.0 Armour
 + Level 4.2 Dodging
 * Level 9.0 Shields


You had 9 spell levels left.
You didn't know any spells.
Your spell library contained the following spells:

 Spells                   Type           Power      Damage    Failure   Level
 Beastly Appendage        Tmut           0%         N/A       91%         1
 Magic Dart               Conj           0%         1d3       91%         1
 Blink                    Tloc           0%         N/A       97%         2
 Ensorcelled Hibernation  Hex/Ice        0%         N/A       97%         2
 Searing Ray              Conj           0%         2d4       97%         2
 Wereblood                Tmut           0%         N/A       97%         2
 Gell's Gravitas          Tloc           0%         N/A       100%        3
 Lesser Beckoning         Tloc           0%         N/A       100%        3
 Spider Form              Tmut/Pois      0%         N/A       100%        3
 Teleport Other           Tloc           0%         N/A       100%        3
 Anguish                  Hex/Necr       0%         N/A       100%        4
 Fulminant Prism          Conj/Hex       0%         3d6       100%        4
 Manifold Assault         Tloc           0%         N/A       100%        5
 Dispersal                Tloc           0%         N/A       100%        6


Dungeon Overview and Level Annotations

Branches:
Dungeon (8/15)             Temple (1/1) D:6            Lair (0/5) D:8
Ossuary (visited)          Bailey (1/1)

Altars:
Ashenzari
Cheibriados
Elyvilon
Fedhas
Gozag
Hepliaklqana
Kikubaaqudgha
Makhleb
Nemelex Xobeh
Qazlal
Ru
Sif Muna
Trog
Uskayaw
Vehumet
Wu Jian
Xom
Yredelemnul
Zin
The Shining One

Shops:
D:3 ==*(

Annotations:
D:6 3 runed translucent doors, gregwegmann's ghost, novice DENe


Innate Abilities, Weirdness & Mutations

You are immune to sickness and miasma.
Your stone body is resilient. (AC +7)
You are immune to poison.
You resist negative energy. (rN+)
You are resistant to electric shocks. (rElec)
You are resistant to unholy torment.
You are immune to petrification.


Message History

You slash the orc warlord!
The orc warlord is severely wounded.
The goblin hits you but does no damage. The orc hits you but does no damage.
The orc warlord roars a battlecry!
You barely miss the orc warlord.
The orc warlord is severely wounded.
You slash the orc warlord!
The orc warlord is severely wounded.
The goblin closely misses you. The orc hits you but does no damage.
The orc warlord barely misses you. You block the goblin's attack.
The orc hits you but does no damage. The orc warlord barely misses you.
You barely miss the orc warlord.
The orc warlord is severely wounded.
The goblin hits you with a +0 hand axe.
* * * LOW HITPOINT WARNING * * *
The orc barely misses you.
The orc warlord hits you with a +6 battleaxe.
* * * LOW HITPOINT WARNING * * *
You feel much better. The goblin hits you but does no damage.
You block the orc's attack.
The orc warlord hits you with a +6 battleaxe.
You feel mightier all of a sudden. The goblin barely misses you.
The orc hits you with a +0 hand axe.
The orc warlord hits you with a +6 battleaxe!!
* * * LOW HITPOINT WARNING * * *
An orc warrior comes into view. It is wielding a +0 war axe.
You slash the orc warlord!
The orc warlord is severely wounded.
You block the goblin's attack. The orc hits you but does no damage.
You block the orc warlord's attack.
You slash the orc warlord!
The orc warlord is almost dead.
You block the goblin's attack. The orc warlord barely misses you.
You slash the orc warlord!
The orc warlord is almost dead.
You hit the orc warlord.
The orc warlord is almost dead.
You block the goblin's attack. The orc hits you but does no damage.
The orc warlord hits you with a +6 battleaxe!!
You die...

,+.........')......#
,##.......##)......##
,,#.......#.........#
,,##.....##.........##
,,,#######....)⌠.....#
,,**,,,,,##.........##
,,*,,,,,,,#...).....#
,**,,,,,,,##.......##
,*,,,,,,,,,#...o@..#
**,,,,,,,,,##..oog##
*,,,,,,,,,,,####)##
**,,,,,,,,,##.).).##
,*,,,,,,,,,#..))...#
,**,,,,,,,*#.......#*
,,*,,,,,,,#.........#
,,***,,,**#.........#*
,,,***+**#.....⌠.....#


You could see an orc warlord, an orc warrior (strong), an orc (strong) and a
goblin.

Vanquished Creatures
  3 yaks (D:7)
  Menkaure (D:6)
  2 water moccasins
  5 orc warriors
  2 sky beasts
  2 black bears
  3 ogres
  2 centaurs
  2 phantoms
  An elf zombie (Ossuary)
  2 bullfrogs (D:6)
  2 necrophages
  7 scorpions
  16 wights
  4 howler monkeys
  3 gnoll boudas
  2 human zombies (Ossuary)
  4 orc priests
  5 hounds
  Ijyb (D:4)
  5 orc wizards
  A scorpion zombie (D:3)
  2 hound zombies (D:3)
  2 mummies (Ossuary)
  14 gnolls
  7 adders
  3 shadow imps
  3 white imps
  5 ufetubi
  An adder zombie (D:3)
  2 worms
  6 dart slugs
  33 orcs
  7 ball pythons
  4 endoplasms
  A giant cockroach (D:1)
  A gnoll zombie (Ossuary)
  13 goblins
  9 hobgoblins
  7 jackals
  5 kobolds
  2 quokkas
  5 bats
  4 frilled lizards
  3 goblin zombies (Ossuary)
  6 hobgoblin zombies (Ossuary)
  An orc zombie (Ossuary)
  3 rats
  2 rat zombies (D:5)
226 creatures vanquished.

Notes
Turn   | Place    | Note
-------+----------+-------------------------------------------
     0 | D:1      | timneilson the Gargoyle Fighter began the quest for the
                  | Orb.
     0 | D:1      | Reached XP level 1. HP: 14/14 MP: 1/1
   352 | D:1      | Reached XP level 2. HP: 9/19 MP: 2/2
   726 | D:1      | Found a faded altar of an unknown god.
  1302 | D:1      | Reached XP level 3. HP: 19/23 MP: 3/3
  2306 | D:2      | You fall into a shaft and drop 2 floors!
  2337 | D:3      | Reached XP level 4. HP: 19/28 MP: 4/4
  2629 | D:3      | Noticed a scorpion
  2638 | D:3      | Killed a scorpion
  2639 | D:3      | Reached skill level 1 in Dodging
  2639 | D:3      | Reached XP level 5. HP: 30/33 MP: 5/5
  2658 | D:3      | Found Xela's Jewellery Emporium.
  2674 | D:3      | Found Lily's Jewellery Shoppe.
  3116 | D:3      | Found Uli Figi's Assorted Antiques.
  3449 | D:3      | Reached XP level 6. HP: 38/38 MP: 6/6
  3582 | D:3      | Found a basalt altar of Yredelemnul.
  3609 | D:3      | Found Voloired's Antique Weapon Boutique.
  4234 | D:3      | Bought a pitted falchion for 192 gold pieces
  4234 | D:3      | Identified the +10 falchion of Pixetups {protect, *Noise
                  | rF+ rCorr Str+5} (You bought it in a shop on level 3 of the
                  | Dungeon)
  4327 | D:4      | Noticed Ijyb
  4340 | D:4      | Killed Ijyb
  4530 | D:4      | Noticed a black bear
  4543 | D:4      | Killed a black bear
  4544 | D:4      | Reached skill level 5 in Shields
  4544 | D:4      | Reached XP level 7. HP: 38/43 MP: 7/7
  4805 | D:5      | Entered Level 5 of the Dungeon
  4824 | D:5      | Reached skill level 5 in Armour
  4864 | D:5      | Found a sand-covered staircase.
  4873 | Ossuary  | Entered an ossuary
  4977 | Ossuary  | Reached XP level 8. HP: 45/48 MP: 8/8
  5114 | D:3      | Bought an amulet of regeneration for 300 gold pieces
  5735 | D:5      | Reached skill level 5 in Fighting
  5896 | D:6      | Reached skill level 5 in Long Blades
  5912 | D:6      | Found a runed translucent gate.
  5912 | D:6      | Found a runed translucent gate.
  5913 | D:6      | Found a runed translucent gate.
  5915 | D:6      | Noticed gregwegmann's ghost (novice DENe)
  5971 | D:6      | Reached XP level 9. HP: 50/54 MP: 9/9
  6029 | D:6      | Noticed Menkaure
  6036 | D:6      | Killed Menkaure
  6037 | D:6      | Found a snail-covered altar of Cheibriados.
  6063 | D:6      | Found a staircase to the Ecumenical Temple.
  6072 | Temple   | Entered the Ecumenical Temple
  7185 | D:7      | Reached XP level 10. HP: 58/60 MP: 10/10
  7487 | D:8      | Found a white marble altar of Elyvilon.
  7792 | D:8      | Found a staircase to the Lair.
  7850 | D:8      | Found a flagged portal.
  7856 | Bailey   | Entered a bailey
  7953 | Bailey   | Noticed an orc warlord
  7977 | Bailey   | HP: 3/61 [orc warlord/+6 battleaxe (28)]
  7981 | Bailey   | Demolished by an orc warlord

Illustrated notes

Levels and vault maps discovered:
D:1:      scummos_arrival_hexagon, layout_loops_corners,
          ebering_ecumenical_altar_ruins
D:2:      layout_basic
D:3:      layout_rooms, nicolae_yredelemnul_corpse_copse, serial_shops,
          nicolae_shop_stone, nicolae_shop_behind_doors,
          nicolae_shop_temple_entry_statues_fountains, shop
D:4:      layout_basic, uniq_ijyb
D:5:      layout_basic, enter_ossuary_4, kennysheep_generic_room_4
D:6:      layout_gridville, kennysheep_slug_shrine,
          minmay_temple_entry_large_hall, ebering_ghost_rock_garden,
          minivault_4, uniq_menkaure
D:7:      layout_cave_pools, dreamdust_gnoll_shepherd
D:8:      layout_basic, elyvilon_altar_4, lair_entry_dummy, enter_bailey_3
Temple:   bh_familiar_temple
Bailey:   bailey_axe_minmay_hex_keep, bailey

Skill      XL: |  1  2  3  4  5  6  7  8  9 10 |
---------------+-------------------------------+-----
Long Blades    | 2 3 4 5 6 7 |  7.2
Shields        | 4 5 6 8 9 |  9.0
Armour         | 4 5 6 8 9 |  9.0
Dodging        | 1 2 3 4 |  4.2
Fighting       | 4 5 6 |  6.7

Action                   |  1- 3 |  4- 6 |  7- 9 | 10-12 || total
-------------------------+-------+-------+-------+-------++-------
Melee: Long sword        |   131 |   208 |       |       ||   339
       Falchion          |       |    16 |   314 |   195 ||   525
  Use: Scroll            |     2 |     8 |     4 |     4 ||    18
       Potion            |       |       |       |     7 ||     7
Armor: Scale mail        |    63 |    93 |       |       ||   156
       Chain mail        |       |    16 |   261 |   112 ||   389
Dodge: Dodged            |    75 |    97 |   201 |    99 ||   472
Block: Buckler           |    31 |    70 |   173 |    93 ||   367

Table legend: (Time is in decaauts)
 A = Elapsed time spent in this place.
 B = Non-inter-level travel time spent in this place.
 C = Inter-level travel time spent in this place.
 D = Time resting spent in this place.
 E = Time spent auto-exploring this place.
 F = Levels seen in this place.
 G = Mean time per level.
                   A        B        C        D        E       F      G
               +--------+--------+--------+--------+--------+-----+--------+
         Total |   8114 |   7728 |    386 |    424 |   4977 |  11 |  737.6 |
       Dungeon |   7600 |   7238 |    362 |    424 |   4689 |   8 |  950.0 |
        Temple |    189 |    165 |     24 |      0 |    162 |   1 |  189.0 |
       Ossuary |    202 |    202 |      0 |      0 |    126 |   1 |  202.0 |
        Bailey |    121 |    121 |      0 |      0 |      0 |   1 |  121.0 |
               +--------+--------+--------+--------+--------+-----+--------+

Top non-repeatable levels by time:
     D:1: 1765 daAuts
     D:4: 1233 daAuts
     D:3: 1037 daAuts
     D:2: 997 daAuts
     D:6: 966 daAuts
     D:5: 693 daAuts
     D:8: 489 daAuts
     D:7: 418 daAuts
 Ossuary: 202 daAuts
  Temple: 189 daAuts
  Bailey: 121 daAuts
